MLB
HOUSTON ASTROS @ MILWAUKEE BREWERS
05/06/2025
 
TOP OF THE 1ST
Houston Astros batting - Pitching for Milwaukee Brewers : LHP Tim Hankins
Pitching: LHP Tim Hankins
Batting: SHB Jeff Lowery 0-0: Ball
1-0: Called Strike
1-1: Foul Ball, location: 3SF
1-2: SINGLE (Groundball, 6MD, EV 102.5 MPH)
Batting: LHB Claude Spears 0-0: Bunted foul
0-1: Foul Ball, location: 23F
0-2: Strikes out swinging
Batting: LHB Devin Jones 0-0: Ball
1-0: Called Strike
1-1: Ball
2-1: Ground out 4-3 (Groundball, 34, EV 95.6 MPH)
Jeff Lowery to second
Batting: LHB Steve McGuire 0-0: Ball
1-0: Ball
2-0: Called Strike
2-1: Fly out, F7 (Flyball, 7LM, EV 78.1 MPH)
Top of the 1st over - 0 runs, 1 hit, 0 errors, 1 left on base; Houston 0 - Milwaukee 0
BOTTOM OF THE 1ST
Milwaukee Brewers batting - Pitching for Houston Astros : LHP Blake Snell
Pitching: LHP Blake Snell
Batting: RHB Jim Smith 0-0: Swinging Strike
0-1: Fly out, F4 (Popup, 3DF, EV 56.3 MPH)
Batting: RHB Christian Arroyo 0-0: Ball
1-0: Ground out 1-3 (Groundball, 13S, EV 61.3 MPH)
Batting: RHB Steve Sanders 0-0: Ball
1-0: Fly out, F7 (Flyball, 78D, EV 87.5 MPH)
Bottom of the 1st over - 0 runs, 0 hits, 0 errors, 0 left on base; Houston 0 - Milwaukee 0
TOP OF THE 2ND
Houston Astros batting - Pitching for Milwaukee Brewers : LHP Tim Hankins
Batting: RHB Josh Damron 0-0: Ball
1-0: Ground out 5-3 (Groundball, 5, EV 83.1 MPH)
Batting: RHB Art Morrison 0-0: Ball
1-0: Ball
2-0: Swinging Strike
2-1: Called Strike
2-2: Strikes out swinging
Batting: RHB U-suk Ok 0-0: Ball
1-0: Fly out, F8 (Flyball, 8LD, EV 90.0 MPH)
Top of the 2nd over - 0 runs, 0 hits, 0 errors, 0 left on base; Houston 0 - Milwaukee 0
BOTTOM OF THE 2ND
Milwaukee Brewers batting - Pitching for Houston Astros : LHP Blake Snell
Batting: RHB Blake Anderson 0-0: Ball
1-0: Ball
2-0: Called Strike
2-1: Ball
3-1: Base on Balls
Batting: RHB Kevin Thompson 0-0: Ball
1-0: Foul Ball, location: 9LDF
1-1: Grounds into double play, 6-4-3 (Groundball, 6MS, EV 83.1 MPH)
Batting: RHB Monte Harrison 0-0: Ball
1-0: Ball
2-0: Called Strike
2-1: Foul Ball, location: 23F
2-2: Foul Ball, location: 2F
2-2: Ball
3-2: Fly out, F9 (Flyball, 9S, EV 79.4 MPH)
Bottom of the 2nd over - 0 runs, 0 hits, 0 errors, 0 left on base; Houston 0 - Milwaukee 0
TOP OF THE 3RD
Houston Astros batting - Pitching for Milwaukee Brewers : LHP Tim Hankins
Batting: RHB Ed van Zandvliet 0-0: Foul Ball, location: 2F
0-1: Called Strike
0-2: Strikes out swinging
Batting: RHB Bernard Antonelli 0-0: Ball
1-0: Called Strike
1-1: Foul Ball, location: 3FF
1-2: Foul Ball, location: 5F
1-2: Ball
2-2: Ball
3-2: Foul Ball, location: 23FF
3-2: Foul Ball, location: 3FF
3-2: Ground out 5-3 (Groundball, 56, EV 83.1 MPH)
Batting: SHB Jeff Lowery 0-0: Ball
1-0: Ball
2-0: Fly out, F6 (Popup, 6, EV 64.4 MPH)
Top of the 3rd over - 0 runs, 0 hits, 0 errors, 0 left on base; Houston 0 - Milwaukee 0
BOTTOM OF THE 3RD
Milwaukee Brewers batting - Pitching for Houston Astros : LHP Blake Snell
Batting: RHB Gavin Cecchini 0-0: Called Strike
0-1: Called Strike
0-2: Strikes out looking
Batting: LHB Tim Nolan 0-0: Ground out U3 (Groundball, 3L, EV 89.4 MPH)
Batting: LHB Billy Wood 0-0: SINGLE (Line Drive, 4M, EV 97.5 MPH)
Batting: RHB Jim Smith 0-0: Ball
1-0: Ball
2-0: Ground out 5-3 (Groundball, 56S, EV 90.6 MPH)
Bottom of the 3rd over - 0 runs, 1 hit, 0 errors, 1 left on base; Houston 0 - Milwaukee 0
TOP OF THE 4TH
Houston Astros batting - Pitching for Milwaukee Brewers : LHP Tim Hankins
Batting: LHB Claude Spears 0-0: Ball
1-0: SINGLE (Line Drive, 9S, EV 85.0 MPH)
Batting: LHB Devin Jones 0-0: Bunted foul
0-1: Grounds into double play, 4-6-3 (Groundball, 4, EV 98.8 MPH)
Batting: LHB Steve McGuire 0-0: Fly out, F6 (Popup, 6S, EV 68.8 MPH)
Top of the 4th over - 0 runs, 1 hit, 0 errors, 0 left on base; Houston 0 - Milwaukee 0
BOTTOM OF THE 4TH
Milwaukee Brewers batting - Pitching for Houston Astros : LHP Blake Snell
Batting: RHB Christian Arroyo 0-0: Fly out, F6 (Popup, 6, EV 73.8 MPH)
Batting: RHB Steve Sanders 0-0: Ball
1-0: Ball
2-0: Foul Ball, location: 3SF
2-1: Ground out 5-3 (Groundball, 56S, EV 86.9 MPH)
Batting: RHB Blake Anderson 0-0: Ball
1-0: Fly out, F8 (Flyball, 8LD, EV 104.4 MPH)
Bottom of the 4th over - 0 runs, 0 hits, 0 errors, 0 left on base; Houston 0 - Milwaukee 0
TOP OF THE 5TH
Houston Astros batting - Pitching for Milwaukee Brewers : LHP Tim Hankins
Batting: RHB Josh Damron 0-0: Foul Ball, location: 3SF
0-1: Foul Ball, location: 2F
0-2: Ball
1-2: Strikes out swinging
Batting: RHB Art Morrison 0-0: Foul Ball, location: 9LDF
0-1: Ball
1-1: Ball
2-1: Foul Ball, location: 2F
2-2: Ground out 3-1 (Groundball, 34, EV 89.4 MPH)
Batting: RHB U-suk Ok 0-0: Swinging Strike
0-1: Ball
1-1: Ball
2-1: Ball
3-1: SINGLE (Line Drive, 8RS, EV 97.5 MPH)
Batting: RHB Ed van Zandvliet 0-0: Ball
1-0: Ground out 4-3 (Groundball, 34, EV 83.1 MPH)
Top of the 5th over - 0 runs, 1 hit, 0 errors, 1 left on base; Houston 0 - Milwaukee 0
BOTTOM OF THE 5TH
Milwaukee Brewers batting - Pitching for Houston Astros : LHP Blake Snell
Batting: RHB Kevin Thompson 0-0: Foul Ball, location: 9LDF
0-1: Ball
1-1: Ball
2-1: SOLO HOME RUN (Line Drive, 9LD, EV 96.3 MPH), Distance : 363 ft
Batting: RHB Monte Harrison 0-0: Ball
1-0: Ball
2-0: Foul Ball, location: 2F
2-1: Ball
3-1: Foul Ball, location: 2F
3-2: Base on Balls
Batting: RHB Gavin Cecchini 0-0: Grounds into double play, U6-3 (Groundball, 4MS, EV 85.0 MPH)
Batting: LHB Tim Nolan 0-0: Called Strike
0-1: Ball
1-1: SOLO HOME RUN (Line Drive, 7D, EV 100.0 MPH), Distance : 392 ft
Batting: LHB Billy Wood 0-0: Fly out, F8 (Line Drive, 8RM, EV 105.6 MPH)
Bottom of the 5th over - 2 runs, 2 hits, 0 errors, 0 left on base; Houston 0 - Milwaukee 2
TOP OF THE 6TH
Houston Astros batting - Pitching for Milwaukee Brewers : LHP Tim Hankins
Batting: RHB Bernard Antonelli 0-0: Foul Ball, location: 7LMF
0-1: Ball
1-1: Ground out 5-3 (Groundball, 56, EV 88.8 MPH)
Batting: SHB Jeff Lowery 0-0: Foul Ball, location: 9LSF
0-1: Ball
1-1: SINGLE (Line Drive, 6M, EV 98.1 MPH)
Batting: LHB Claude Spears 0-0: Ball
1-0: Swinging Strike
1-1: Ball
2-1: Fly out, F5 (Popup, 6S, EV 72.5 MPH)
Batting: LHB Devin Jones 0-0: Ball
1-0: Called Strike
1-1: Called Strike
1-2: Foul Ball, location: 2LF
1-2: Ball
2-2: Ball
3-2: Strikes out looking
Top of the 6th over - 0 runs, 1 hit, 0 errors, 1 left on base; Houston 0 - Milwaukee 2
BOTTOM OF THE 6TH
Milwaukee Brewers batting - Pitching for Houston Astros : LHP Blake Snell
Batting: RHB Jim Smith 0-0: Foul Ball, location: 9LSF
0-1: Ball
1-1: Ball
2-1: Called Strike
2-2: Strikes out swinging
Batting: RHB Christian Arroyo 0-0: Called Strike
0-1: Fly out, F9 (Line Drive, 9S, EV 91.3 MPH)
Batting: RHB Steve Sanders 0-0: Swinging Strike
0-1: Ball
1-1: Ball
2-1: SOLO HOME RUN (Flyball, 9LD, EV 93.8 MPH), Distance : 359 ft
Batting: RHB Blake Anderson 0-0: Called Strike
0-1: Swinging Strike
0-2: Ball
1-2: Strikes out swinging
Bottom of the 6th over - 1 run, 1 hit, 0 errors, 0 left on base; Houston 0 - Milwaukee 3
TOP OF THE 7TH
Houston Astros batting - Pitching for Milwaukee Brewers : LHP Tim Hankins
Batting: LHB Steve McGuire 0-0: Fly out, F9 (Line Drive, 9S, EV 86.9 MPH)
Batting: RHB Josh Damron 0-0: Ball
1-0: Called Strike
1-1: Ball
2-1: Fly out, F7 (Flyball, 7D, EV 103.1 MPH)
Batting: RHB Art Morrison 0-0: Foul Ball, location: 23F
0-1: Foul Ball, location: 2F
0-2: Fly out, F8 (Flyball, 8RD, EV 94.4 MPH)
Top of the 7th over - 0 runs, 0 hits, 0 errors, 0 left on base; Houston 0 - Milwaukee 3
BOTTOM OF THE 7TH
Milwaukee Brewers batting - Pitching for Houston Astros : LHP Blake Snell
Batting: RHB Kevin Thompson 0-0: Ball
1-0: Ball
2-0: Ball
3-0: Called Strike
3-1: Ground out 5-3 (Groundball, 56, EV 96.9 MPH)
Batting: RHB Monte Harrison 0-0: Ball
1-0: Called Strike
1-1: Foul Ball, location: 3DF
1-2: Ball
2-2: Strikes out swinging
Batting: RHB Gavin Cecchini 0-0: Ball
1-0: Foul Ball, location: 5F
1-1: Swinging Strike
1-2: Strikes out looking
Bottom of the 7th over - 0 runs, 0 hits, 0 errors, 0 left on base; Houston 0 - Milwaukee 3
TOP OF THE 8TH
Houston Astros batting - Pitching for Milwaukee Brewers : LHP Tim Hankins
Batting: RHB U-suk Ok 0-0: Called Strike
0-1: Fly out, F7 (Flyball, 78M, EV 97.5 MPH)
Batting: RHB Ed van Zandvliet 0-0: Foul Ball, location: 9LSF
0-1: Fly out, F4 (Popup, 34, EV 59.4 MPH)
Batting: RHB Bernard Antonelli 0-0: Swinging Strike
0-1: Ground out 2-3 (Groundball, 2R, EV 63.1 MPH)
Top of the 8th over - 0 runs, 0 hits, 0 errors, 0 left on base; Houston 0 - Milwaukee 3
BOTTOM OF THE 8TH
Milwaukee Brewers batting - Pitching for Houston Astros : LHP Blake Snell
Batting: LHB Tim Nolan 0-0: Ground out 4-3 (Groundball, 4M, EV 106.9 MPH)
Batting: LHB Billy Wood 0-0: Ball
1-0: Swinging Strike
1-1: Ball
2-1: Fly out, F8 (Line Drive, 8RM, EV 87.5 MPH)
Batting: RHB Jim Smith 0-0: Ball
1-0: Foul Ball, location: 9LMF
1-1: Swinging Strike
1-2: Ball
2-2: Strikes out swinging
Bottom of the 8th over - 0 runs, 0 hits, 0 errors, 0 left on base; Houston 0 - Milwaukee 3
TOP OF THE 9TH
Houston Astros batting - Pitching for Milwaukee Brewers : LHP Tim Hankins
Batting: SHB Jeff Lowery 0-0: Ball
1-0: Ball
2-0: Ball
3-0: Called Strike
3-1: Foul Ball, location: 5DF
3-2: Base on Balls
Pitching: RHP Joe Malone
Batting: LHB Claude Spears 0-0: Ball
1-0: Ball
2-0: Ball
3-0: Base on Balls
Jeff Lowery to second
Batting: LHB Devin Jones 0-0: Foul Ball, location: 9LSF
0-1: Ball
1-1: SINGLE (Groundball, 4D, EV 109.4 MPH)
Jeff Lowery to third
Claude Spears to second
Batting: LHB Steve McGuire 0-0: Ball
1-0: Ball
2-0: Called Strike
2-1: TRIPLE (Flyball, 89XD, EV 103.1 MPH)
Jeff Lowery scores
Claude Spears scores
Devin Jones scores
Batting: LHB Jonathan Jacobson 0-0: Intentional Walk
Batting: RHB Art Morrison 0-0: Ball
1-0: Ball
2-0: Fly out, F4 (Line Drive, 4, EV 68.8 MPH)
Batting: RHB U-suk Ok 0-0: Called Strike
0-1: Ball
1-1: Ball
2-1: Grounds into double play, 6-4-3 (Groundball, 56, EV 101.3 MPH)
Top of the 9th over - 3 runs, 2 hits, 0 errors, 1 left on base; Houston 3 - Milwaukee 3
BOTTOM OF THE 9TH
Milwaukee Brewers batting - Pitching for Houston Astros : LHP Blake Snell
Pitching: RHP Eric Guy
Batting: RHB Christian Arroyo 0-0: Swinging Strike
0-1: Ground out 4-3 (Groundball, 4, EV 78.8 MPH)
Batting: RHB Steve Sanders 0-0: Called Strike
0-1: Ball
1-1: Ball
2-1: Called Strike
2-2: Ball
3-2: Ground out 6-3 (Groundball, 6M, EV 86.9 MPH)
Batting: RHB Blake Anderson 0-0: Ball
1-0: Ball
2-0: Ball
3-0: Called Strike
3-1: Called Strike
3-2: Foul Ball, location: 23F
3-2: Base on Balls
Batting: RHB Kevin Thompson 0-0: Called Strike
0-1: Fly out, F5 (Line Drive, 5L, EV 71.9 MPH)
Bottom of the 9th over - 0 runs, 0 hits, 0 errors, 1 left on base; Houston 3 - Milwaukee 3
TOP OF THE 10TH
Houston Astros batting - Pitching for Milwaukee Brewers : RHP Joe Malone
U-suk Ok starts the inning at 2nd base.
Pitching: LHP Ed Gaines
Pinch Hitting: RHB Starlin Castro 0-0: Ball
1-0: Ball
2-0: Ball
3-0: Called Strike
3-1: TRIPLE (Line Drive, 7LD, EV 103.1 MPH)
U-suk Ok scores
Batting: RHB Bernard Antonelli 0-0: Ball
1-0: Fly out, F4 (Popup, 4M, EV 63.1 MPH)
Batting: SHB Jeff Lowery 0-0: Ball
1-0: Fly out, F7 (Flyball, 7LSF, EV 76.3 MPH)
Batting: LHB Claude Spears 0-0: Foul Ball, location: 2F
0-1: Called Strike
0-2: Fly out, F8 (Line Drive, 8LM, EV 105.0 MPH)
Top of the 10th over - 1 run, 1 hit, 0 errors, 1 left on base; Houston 4 - Milwaukee 3
BOTTOM OF THE 10TH
Milwaukee Brewers batting - Pitching for Houston Astros : RHP Eric Guy
Kevin Thompson starts the inning at 2nd base.
Pitching: RHP Jesús Mejía
Now at 2B: Jorge Gonzáles
Now at SS: U-suk Ok
Batting: RHB Monte Harrison 0-0: Swinging Strike
0-1: Foul Ball, location: 2F
0-2: Strikes out swinging
Pinch Hitting: LHB Isan Diaz 0-0: Swinging Strike
0-1: Swinging Strike
0-2: Ball
1-2: Strikes out looking
Batting: LHB Tim Nolan 0-0: Fly out, F4 (Popup, 4, EV 75.6 MPH)
Bottom of the 10th over - 0 runs, 0 hits, 0 errors, 1 left on base; Houston 4 - Milwaukee 3
Monday, May 12th , 2025 - OOTP Baseball 26.3 Build 55